Workbook

Sheet お知らせ
A1: 社名変更による請求書式変更・請求方法変更についてのお知らせ
A4: 大垣林業株式会社 は2025年4月1日より 株式会社 六藍 となります。
A6: 上記に伴い、従来より下記変更がありますので御確認頂けます様、宜しく御願い致します。
A9: ・材料のみのご契約に関するご請求につきましては、分納で無い限り出来高100％として
A12: お支払いとさせて頂きます。
A15: ・材工でのご契約に関する御請求につきましては、従来通り出来高90％での
A18: お支払いとなります。保留金の御請求もお忘れなくご請求御願い致します。
A21: ・ご請求にあたりましては、弊社のシステムの都合上、各注文書単位でのご請求となります。
A24: 複数の注文書に関しましては、お手数をお掛けしますが個別に御請求頂ける様
A27: 御願い致します。
A30: ・請求用入力シートに必要事項をご記入下さい。その際、材料・材工の選択を御願い致します。
A33: ・プレカット材に関しましては、申し訳ありませんが材工としての選択を御願い致します。
... A54: 株式会社 六藍

Sheet 請求書入力用シート
K2: 請求書入力用シート
C9: 契約形態 | M9: - | O9: =TODAY() -> 46060 | Q9: 住所
C12: 工事現場名 | N12: 現場コード | Q12: 社 名 代表者名
C13: 工事内容 | Q13: 電話
C14: 注文書№ | M14: 注文日 | Q14: 登録番号 | R14: T
C15: 契約内容 | Q15: 取引銀行 支 店 | V15: 支店 | X15: 口座No
C16: 契約金額 | Q16: 支払条件 | U16: 現金
C19: 年／月 | Y19: 計
C20: 出来高金額 | Y20: =SUM(K20:X20) -> 0 | AE20: {=_xlfn.IFS($K$9="材料・労務","（A）",$K$9="材工","")} -> #N/A
C21: 請求金額(出来高×90％) | K21: =IF($K$9="材工",ROUNDUP(K$20*0.9,0),"") | L21: =IF($K$9="材工",ROUNDUP(L$20*0.9,0),"") | M21: =IF($K$9="材工",ROUNDUP(M$20*0.9,0),"") | N21: =IF($K$9="材工",ROUNDUP(N$20*0.9,0),"") | O21: =IF($K$9="材工",ROUNDUP(O$20*0.9,0),"") | P21: =IF($K$9="材工",ROUNDUP(P$20*0.9,0),"") | Q21: =IF($K$9="材工",ROUNDUP(Q$20*0.9,0),"") | R21: =IF($K$9="材工",ROUNDUP(R$20*0.9,0),"") | T21: =IF($K$9="材工",ROUNDUP(T$20*0.9,0),"") | U21: =IF($K$9="材工",ROUNDUP(U$20*0.9,0),"") | V21: =IF($K$9="材工",ROUNDUP(V$20*0.9,0),"") | W21: =IF($K$9="材工",ROUNDUP(W$20*0.9,0),"") | Y21: {=_xlfn.IFS($K$9="材料・労務","",$K$9="材工",SUM($K$21:$X$21),TRUE,"")}
C22: 保 留 金 | K22: =IF($K$9="材工",K$20-K$21,"") | L22: =IF($K$9="材工",L$20-L$21,"") | M22: =IF($K$9="材工",M$20-M$21,"") | N22: =IF($K$9="材工",N$20-N$21,"") | O22: =IF($K$9="材工",O$20-O$21,"") | P22: =IF($K$9="材工",P$20-P$21,"") | Q22: =IF($K$9="材工",Q$20-Q$21,"") | R22: =IF($K$9="材工",R$20-R$21,"") | T22: =IF($K$9="材工",T$20-T$21,"") | U22: =IF($K$9="材工",U$20-U$21,"") | V22: =IF($K$9="材工",V$20-V$21,"") | W22: =IF($K$9="材工",W$20-W$21,"") | Y22: {=_xlfn.IFS($K$9="材料・労務","",$K$9="材工",SUM($K$22:$X$22),TRUE,"")} | AE22: {=_xlfn.IFS($K$9="材料・労務","",AND($K$9="材工",$M$9="-"),"",AND($K$9="材工",$M$9="保留金解除"),"（A）")} -> #N/A
C23: 前回までの出来高 | K23: ="0" -> 0 | L23: =IF(LEN(L$20)>1,$K$20,"") | M23: =IF(LEN(M$20)>1,$K$20+$L$20,"") | N23: =IF(LEN(N$20)>1,$K$20+$L$20+$M$20,"") | O23: =IF(LEN(O$20)>1,$K$20+$L$20+$M$20+$N$20,"") | P23: =IF(LEN(P$20)>1,$K$20+$L$20+$M$20+$N$20+$O$20,"") | Q23: =IF(LEN(Q$20)>1,$K$20+$L$20+$M$20+$N$20+$O$20+$P$20,"") | R23: =IF(LEN(R$20)>1,$K$20+$L$20+$M$20+$N$20+$O$20+$P$20+$Q$20,"") | T23: =IF(LEN(T$20)>1,$K$20+$L$20+$M$20+$N$20+$O$20+$P$20+$Q$20+$R$20,"") | U23: =IF(LEN(U$20)>1,$K$20+$L$20+$M$20+$N$20+$O$20+$P$20+$Q$20+$R$20+$T$20,"") | V23: =IF(LEN(V$20)>1,$K$20+$L$20+$M$20+$N$20+$O$20+$P$20+$Q$20+$R$20+$T$20+$U$20,"") | W23: =IF(LEN(W$20)>1,$K$20+$L$20+$M$20+$N$20+$O$20+$P$20+$Q$20+$R$20+$T$20+$U$20+$V$20,"") | Y23: {=IFERROR(INDEX($K$23:$X$23,COUNTIF($K$20:$X$20,">1")),"")} -> #VALUE!
Y24: =IFERROR(IF($K$9="材料・労務",Y20-Y23,(Y20-Y23)*0.9),"") | AE24: {=_xlfn.IFS($K$9="材料・労務","",AND($K$9="材工",$M$9="-"),"（A）",AND($K$9="材工",$M$9="保留金解除"),"")} -> #N/A
C29: 諸 口 | O29: 相 殺
C32: 内 訳 | L32: 金 額 | O32: 内 訳 | R32: 金 額
V37: 合計金額 (A)+(B)-(C) | Y37: {=IFERROR(_xlfn.IFS($K$9="材料・労務",$Y$20-$Y$23+$L$55-$R$55,AND($K$9="材工",$M$9="-"),$Y$21-($Y$23*0.9)+$L$55-$R$55,AND($K$9="材工",M9="保留金解除",$J$16=$Y$20),$Y$22+$L$55-$R$55,AND($K$9="材工",M9="保留金解除",$J$16>$Y$20),"保留金解除は出来ません"),"")}
V44: 消 費 税(10%) | Y44: =IFERROR(ROUNDDOWN(Y37*0.1,0),"")
V51: 請求合計金額 | Y51: =IFERROR(Y37+Y44,"")
C55: 諸 口 合 計 | K55: (B) | L55: =IF(OR(LEN(L35)>1,LEN(L39)>1,LEN(L43)>1),SUM(L35:M54),"0") -> 0 | O55: 相 殺 合 計 | Q55: (C) | R55: =IF(OR(LEN(R35)>1,LEN(R39)>1,LEN(R43)>1),SUM(R35:T54),"0") -> 0
O61: 支 払 日 | Q61: 検印 | R61: 検印 | T61: 検印 | U61: 検印 | V61: 検印 | W61: 検印 | Y61: 検印 | AC61: 検印
C62: 1．請求書(その月の出来高)毎月20日締切、23日当社必着のこと。
C63: ※休日に当る場合は前日の営業日に提出して下さい。
C64: 2．当社に23日迄に到着なき場合には翌々月12日支払となります。
C65: 3．査定残についても、必ず請求書を提出して下さい。

Sheet 請求書
K1: (契 約 業 者）請 求 書
C9: 株式会社 六 藍 御中 | N9: =TODAY() -> 46060 | O9: 2月 | P9: 20日 | S9: 住所 | U9: =IF(LEN(請求書入力用シート!$S$9)>1,請求書入力用シート!$S$9,"")
C12: 工事現場名 | J12: =IF(LEN(請求書入力用シート!$J$12)>=1,請求書入力用シート!$J$12,"") | N12: 現場コード | O12: =IF(LEN(請求書入力用シート!$O$12)>=1,請求書入力用シート!$O$12,"") | S12: 社 名 代表者名 | U12: =IF(LEN(請求書入力用シート!$S$12)>1,請求書入力用シート!$S$12,"")
C13: 工事内容 | J13: =IF(LEN(請求書入力用シート!$J$13)>=1,請求書入力用シート!$J$13,"") | S13: 電話 | U13: =IF(LEN(請求書入力用シート!$S$13)>1,請求書入力用シート!$S$13,"")
C14: 注文書№ | J14: =IF(LEN(請求書入力用シート!$J$14)>=1,請求書入力用シート!$J$14,"") | M14: 注文日 | N14: =IF(LEN(請求書入力用シート!$N$14)>=1,請求書入力用シート!$N$14,"") | S14: 登録番号 | T14: T | U14: =IF(LEN(請求書入力用シート!$S$14)>1,請求書入力用シート!$S$14,"")
C15: 契約内容 | J15: =IF(LEN(請求書入力用シート!$J$15)>=1,請求書入力用シート!$J$15,"") | S15: 取引銀行 支 店 | T15: =IF(LEN(請求書入力用シート!$R$15)>1,請求書入力用シート!$R$15,"") | V15: =IF(LEN(請求書入力用シート!$T$15)>1,請求書入力用シート!$T$15,"") | W15: =IF(LEN(請求書入力用シート!$U$15)>=1,請求書入力用シート!$U$15,"") | X15: 支店 | Y15: =IF(LEN(請求書入力用シート!$W$15)>1,請求書入力用シート!$W$15,"") | Z15: 口座No. | AB15: =IF(LEN(請求書入力用シート!$Z$15)>1,請求書入力用シート!$Z$15,"")
C16: 契約金額 | J16: =IF(LEN(請求書入力用シート!$J$16)>=1,請求書入力用シート!$J$16,"") | N16: {=_xlfn.IFS(請求書入力用シート!$K$9="材料",請求書入力用シート!$K$9,請求書入力用シート!$K$9="材工",請求書入力用シート!$K$9,請求書入力用シート!$K$9="","")} | O16: {=IFERROR(_xlfn.IFS(請求書入力用シート!$K$9="材料・労務","",請求書入力用シート!$K$9="材工",請求書入力用シート!$M$9),"")} | S16: 支払条件 | U16: =IF(LEN(請求書入力用シート!$S$16)>1,請求書入力用シート!$S$16,"") | V16: =IF(LEN(請求書入力用シート!$T$16)>=1,請求書入力用シート!$T$16,"") | W16: 現金 | X16: =IF(LEN(請求書入力用シート!$V$16)>=1,請求書入力用シート!$V$16,"")
L19: 今 回 迄 累 計 | Q19: 前 回 迄 累 計 | W19: 今 回 請 求 額
L20: 出来高率 | M20: 金 額 | Q20: 出来高率 | S20: 金 額 | W20: 出来高率 | X20: 金 額
C21: 出来高金額 | L21: =IFERROR($M$21/$J$16,"入力不足") -> 入力不足 | M21: =請求書入力用シート!$Y$20 -> 0 | Q21: =IFERROR($S$21/$J$16,"入力不足") -> 入力不足 | S21: =IFERROR(IF(AND(請求書入力用シート!J16=請求書入力用シート!Y20,請求書入力用シート!Y21=請求書入力用シート!J16*0.9,請求書入力用シート!K9="材工",請求書入力用シート!M9="保留金解除"),請求書入力用シート!Y20,請求書入力用シート!$Y$23),"") | W21: =IFERROR($X$21/$J$16,"入力不足") -> 入力不足 | X21: =IF(AND(LEN(請求書入力用シート!J16)>=1,LEN(請求書入力用シート!J12)>=1),M21-S21,"必要事項入力して下さい") -> 必要事項入力して下さい | AE21: =IF(請求書入力用シート!AE20="（A）",請求書入力用シート!AE20,"") -> #N/A
C22: 請求金額(出来高×90％) | M22: =IF(請求書入力用シート!$K$9="材料","",請求書入力用シート!$Y$21) | S22: =IFERROR(IF(請求書入力用シート!$K$9="材料・労務","",$S$21*0.9),"") | X22: =IFERROR(IF(請求書入力用シート!$K$9="材料・労務","",$X$21*0.9),"") | AE22: =IF(請求書入力用シート!AE24="（A）",請求書入力用シート!AE24,"") -> #N/A
C23: 保 留 金 | M23: {=IFERROR(_xlfn.IFS(請求書入力用シート!$K$9="材料・労務","",請求書入力用シート!$K$9="材工",M21-M22,AND(請求書入力用シート!$K$9="材工",請求書入力用シート!$M$9="保留金解除",J16*0.9=M22),""),"")} | S23: {=IFERROR(_xlfn.IFS(請求書入力用シート!$K$9="材料・労務","",請求書入力用シート!$K$9="材工",S21-S22,AND(請求書入力用シート!$K$9="材工",請求書入力用シート!$M$9="保留金解除",J16*0.9=S22),""),"")} | X23: {=IFERROR(_xlfn.IFS(請求書入力用シート!K9="材料・労務","",AND(請求書入力用シート!K9="材工",請求書入力用シート!M9="保留金解除",請求書入力用シート!J16=請求書入力用シート!Y20,請求書入力用シート!J16*0.9=請求書入力用シート!Y21),請求書入力用シート!Y22,TRUE,X21-X22),"")} | AE23: =IF(請求書入力用シート!AE22="（A）",請求書入力用シート!AE22,"") -> #N/A
C26: 諸 口 | O26: 相 殺
C29: 内 訳 | L29: 金 額 | O29: 内 訳 | T29: 金 額
C32: =IF(LEN(請求書入力用シート!C35)>=1,請求書入力用シート!C35,"") | L32: =IF(LEN(請求書入力用シート!L35)>1,請求書入力用シート!L35,"") | O32: =IF(LEN(請求書入力用シート!O35)>1,請求書入力用シート!O35,"") | T32: =IF(LEN(請求書入力用シート!R35)>1,請求書入力用シート!R35,"")
X34: 合計金額 (A)+(B)-(C) | AA34: =IF(OR(LEN(J12)<1,LEN(J16)<1),"必要事項入力して下さい",請求書入力用シート!$Y$37) -> 必要事項入力して下さい
C36: =IF(LEN(請求書入力用シート!C39)>=1,請求書入力用シート!C39,"") | L36: =IF(LEN(請求書入力用シート!L39)>1,請求書入力用シート!L39,"") | T36: =IF(LEN(請求書入力用シート!R39)>1,請求書入力用シート!R39,"")
C40: =IF(LEN(請求書入力用シート!C43)>=1,請求書入力用シート!C43,"") | L40: =IF(LEN(請求書入力用シート!L43)>1,請求書入力用シート!L43,"") | T40: =IF(LEN(請求書入力用シート!R43)>1,請求書入力用シート!R43,"")
X41: 消 費 税 (10%) | AA41: =IF(OR(LEN(J12)<1,LEN(J16)<1),"必要事項入力して下さい",請求書入力用シート!$Y$44) -> 必要事項入力して下さい
C44: =IF(LEN(請求書入力用シート!C47)>=1,請求書入力用シート!C47,"") | L44: =IF(LEN(請求書入力用シート!L47)>1,請求書入力用シート!L47,"") | T44: =IF(LEN(請求書入力用シート!R47)>1,請求書入力用シート!R47,"")
C48: =IF(LEN(請求書入力用シート!C51)>=1,請求書入力用シート!C51,"") | L48: =IF(LEN(請求書入力用シート!L51)>1,請求書入力用シート!L51,"") | T48: =IF(LEN(請求書入力用シート!R51)>1,請求書入力用シート!R51,"") | X48: 請求合計金額 | AA48: =IF(OR(LEN(J12)<1,LEN(J16)<1),"必要事項入力して下さい",請求書入力用シート!$Y$51) -> 必要事項入力して下さい
C52: 諸 口 合 計 | K52: (B) | L52: =IF(LEN(L32)>1,SUM(L32:M51),"") | O52: 相 殺 合 計 | S52: (C) | T52: =IF(LEN(T32)>1,SUM(T32:V51),"")
O58: 支 払 日 | S58: 検印 | T58: 検印 | V58: 検印 | W58: 検印 | X58: 検印 | Y58: 検印 | AA58: 検印 | AE58: 検印
C59: 1．請求書(その月の出来高)毎月20日締切、23日当社必着のこと。
C60: ※休日に当る場合は前日の営業日に提出して下さい。
C61: 2．当社に23日迄に到着なき場合には翌々月12日支払となります。
C62: 3．査定残についても、必ず請求書を提出して下さい。
